 Dungeon Crawl Stone Soup version 0.27.1-3-gb3d3a73c9e (webtiles) character file.

Game seed: 1706370421988753458

72 Descartes the Vexing (level 4, -5/24 HPs)
             Began as a Deep Elf Arcane Marksman on Oct 29, 2021.
             Slain by Grinder (7 damage)
             ... while paralysed by Grinder
             ... on level 2 of the Dungeon.
             The game lasted 00:05:49 (2355 turns).

Descartes the Vexing (Deep Elf Arcane Marksman)     Turns: 2355, Time: 00:05:50

Health: -5/24      AC:  8    Str:  7    XL:     4   Next: 7%
Magic:  10/10      EV:  2    Int: 19    God:
Gold:   88         SH:  0    Dex: 15    Spells: 3/8 levels left

rFire    + . .     SeeInvis .   k - +0 rapier
rCold    + . .     Faith    .   (no shield)
rNeg     . . .     Spirit   .   d - +0 robe
rPois    +         Reflect  .   e - +1 hat
rElec    +         Harm     .   (no cloak)
rCorr    +         Rampage  .   f - +1 pair of gloves
Will     .....                  l - +2 pair of boots
Stlth    +.........             (no amulet)
HPRegen  0.08/turn              (no ring)
MPRegen  0.12/turn              (no ring)

@: paralysed, resistant
A: no striking features
a: no special abilities


You were on level 2 of the Dungeon.
You visited 1 branch of the dungeon, and saw 3 of its levels.

You collected 88 gold pieces.

Inventory:

Hand Weapons
 a - a +0 shortbow
 k - a +0 rapier (weapon)
Missiles
 h - 43 poisoned darts (quivered)
 i - 54 stones
Armour
 d - a +0 robe (worn)
 e - a +1 hat (worn)
 f - a +1 pair of gloves (worn)
 l - a +2 pair of boots (worn)
Scrolls
 b - a scroll of amnesia {unknown}
 g - a scroll of noise {unknown}
 j - 3 scrolls of identify {unknown}


   Skills:
 - Level 0.7 Fighting
 + Level 4.1 Bows
 + Level 3.1 Dodging
 + Level 2.6 Spellcasting
 + Level 4.6 Hexes
 + Level 0.4 Translocations


You had 3 spell levels left.
You knew the following spells:

 Your Spells              Type           Power      Damage    Failure   Level
a - Corona                Hex            22%        N/A       2%          1
b - Cause Fear            Hex            10%        N/A       24%         4

Your spell library contained the following spells:

 Spells                   Type           Power      Damage    Failure   Level
 Slow                     Hex            20%        N/A       3%          2
 Portal Projectile        Hex/Tloc       24%        N/A       17%         3
 Inner Flame              Hex/Fire       11%        N/A       19%         3
 Gell's Gravitas          Tloc           2%         N/A       38%         3
 Lesser Beckoning         Tloc           2%         N/A       38%         3
 Teleport Other           Tloc           4%         N/A       38%         3


Dungeon Overview and Level Annotations

Branches:
Dungeon (3/15)

Altars:

Annotations:
D:2 Grinder


Message History

Grinder blinks!
This spell is potentially lethal to cast!
Memorise Cause Fear, consuming 4 spell levels and leaving 3?
You start memorising the spell.
You continue memorising.
Magic restored.
You continue memorising. x3
You finish memorising.
Spell assigned to 'b'.
This spell is extremely dangerous to cast!
Memorise Portal Projectile, consuming 3 spell levels and leaving 0?
You start memorising the spell.
You continue memorising.
Grinder hits you!
Your memorisation is interrupted.
You closely miss Grinder. Grinder hits you but does no damage.
Grinder hits you.
You writhe in agony.
You hit Grinder but do no damage. Grinder hits you but does no damage.
Casting: Corona (safe; 2% risk of failure)
Confirm with . or Enter, or press ? or * to list all spells.
Aiming: Corona (safe; 2% risk of failure)
Press: ? - help, Shift-Dir - straight line, f - Grinder
Aim: Grinder (chance to affect: 59%) Grinder is outlined in light.
Grinder blinks!
Unknown command.
Grinder is nearby!
You barely miss Grinder. Grinder hits you.
* * * LOW HITPOINT WARNING * * *
You writhe in agony.
* * * LOW HITPOINT WARNING * * *
You hit Grinder but do no damage. Grinder gestures at you.
Pain shoots through your body!
* * * LOW HITPOINT WARNING * * *
It was a potion of resistance.
You feel protected. Grinder gestures at you.
You suddenly lose the ability to move!
Grinder hits you.
* * * LOW HITPOINT WARNING * * *
You writhe in agony.
* * * LOW HITPOINT WARNING * * *
Grinder stops glowing.
Grinder hits you!
You die...

............#§§≈≈≈≈§≈...#.#
##.#.#.###....§.≈_§§.§§.#.#
#.#.#.# ##.#≈≈≈≈≈≈.≈...#.#
#.#.#.# #.#..≈.≈≈≈.≈..#.#
#.#.#.#####.#.≈≈...≈5≈#.##
#.#.#........#≈.....≈..##
#.#.#########.#.....#.##
#.#.# ##5#####.## #.#.#
##@....## #.#.# #######
#.#.# #.#.# ##.#.# ...#.#
..[..# ######


You could see Grinder.

Vanquished Creatures
  A gnoll (D:2)
  3 adders (D:2)
  A worm (D:2)
  A dart slug (D:1)
  An orc (D:2)
  3 ball pythons
  3 endoplasms
  2 giant cockroaches
  3 kobolds
  2 quokkas (D:1)
  6 bats
  4 frilled lizards
  3 rats
33 creatures vanquished.

Notes
Turn   | Place    | Note
-------+----------+-------------------------------------------
     0 | D:1      | Descartes the Deep Elf Arcane Marksman began the quest for
                  | the Orb.
     0 | D:1      | Reached XP level 1. HP: 11/11 MP: 5/5
   298 | D:1      | Reached XP level 2. HP: 16/16 MP: 6/6
  1050 | D:2      | Reached XP level 3. HP: 17/20 MP: 8/8
  1405 | D:2      | Found a faded altar of an unknown god.
  1853 | D:3      | HP: 1/20 [gnoll (3)]
  1861 | D:2      | Reached XP level 4. HP: 6/24 MP: 9/9
  2309 | D:3      | Noticed Grinder
  2311 | D:3      | Paralysed by Grinder for 4 turns
  2321 | D:3      | Paralysed by Grinder for 4 turns
  2344 | D:2      | Learned a level 4 spell: Cause Fear
  2353 | D:2      | Paralysed by Grinder for 5 turns
  2355 | D:2      | Slain by Grinder

Illustrated notes

Levels and vault maps discovered:
D:1:      dpeg_arrival_rooms_a, layout_loops_ring, minmay_heptomino_d4
D:2:      layout_loops_ring, shapermc_ecumenical_altar_starsandcircs,
          kennysheep_cross_bottleneck, lemuel_old_faithful
D:3:      layout_rooms, minmay_surrounded, uniq_robin, uniq_grinder,
          uniq_terence

Skill      XL: |  1  2  3 |
---------------+----------+-----
Bows           | 3 4 |  4.1
Spellcasting   | 2 |  2.6
Dodging        | 3 |  3.1
Fighting       | |  0.7
Hexes          | |  4.6
Translocations | |  0.4

Action                   |  1- 3 |  4- 6 || total
-------------------------+-------+-------++-------
Melee: Rapier            |       |     7 ||     7
 Fire: Shortbow          |   101 |    10 ||   111
 Cast: Corona            |       |     1 ||     1
  Use: Potion            |     2 |     1 ||     3
Armor: Robe              |    17 |     8 ||    25
Dodge: Dodged            |    38 |    10 ||    48
